 Dungeon Crawl Stone Soup version 0.18-a0-1577-gf591c28 (webtiles) character file.

53 miau the Magician (level 3, 0/15 HPs)
             Began as a Felid Wizard on Mar 23, 2016.
             Succumbed to an adder's poison
             ... on level 3 of the Dungeon.
             The game lasted 00:11:28 (2352 turns).

miau the Magician (Felid Wizard)                    Turns: 2352, Time: 00:11:29

Health: 0/15       AC:  2    Str:  9    XL:     3   Next: 64%
Magic:  1/9        EV: 18    Int: 19    God:
Gold:   94         SH:  0    Dex: 14    Spells: 2 memorised, 6 levels left
                                        Lives:  0   Deaths: 0

rFire  . . .     SeeInvis +     (weapon unavailable)
rCold  . . .     Gourm    .     (armour unavailable)
rNeg   . . .     Faith    .     (shield unavailable)
rPois  .         Spirit   .     (helmet unavailable)
rElec  .         Dismiss  .     (cloak unavailable)
rCorr  .         Reflect  .     (gloves unavailable)
SustAt .         Harm     .     (boots unavailable)
MR     .....                    (no amulet)
Stlth  +++.......               (no ring)
                                c - +3 ring of strength

@: lethally poisoned (0 -> -12), very slightly contaminated, quick, not
resistant to hostile enchantments, fairly stealthy
A: no armour, no weapons or thrown items, claws 1, fangs 3, horns 1, see
invisible, carnivore 3, speed 1, shaggy fur 2, slow metabolism 1, strong 1,
sharp paws
a: no special abilities


You were on level 3 of the Dungeon.
You were completely stuffed.

You visited 1 branch of the dungeon, and saw 3 of its levels.

You collected 94 gold pieces.

Inventory:

Jewellery
 c - a +3 ring of strength (left paw)
Scrolls
 d - 4 scrolls of remove curse
 e - a scroll of identify
 f - a scroll of teleportation
Potions
 g - a potion of berserk rage {unknown}
Books
 a - a book of Minor Magic

   Spells                             Type                      Level
   a - Magic Dart                     Conjuration                  1
   b - Blink                          Translocation                2
   c - Call Imp                       Summoning                    2
   d - Repel Missiles                 Charms/Air                   2
   e - Slow                           Hexes                        2
   f - Conjure Flame                  Conjuration/Fire             3
   g - Mephitic Cloud                 Conjuration/Poison/Air       3
Comestibles
 b - a meat ration


   Skills:
 * Level 1.4 Fighting
 + Level 3.0 Dodging
 + Level 2.9 Stealth
 + Level 3.6 Spellcasting
 + Level 1.5 Conjurations
   Level 1.0 Summonings
 + Level 1.5 Translocations


You had 6 spell levels left.
You knew the following spells:

 Your Spells              Type           Power        Failure   Level  Hunger
l - Blink                 Tloc           N/A          14%         2    ##.....
z - Magic Dart            Conj           #...         10%         1    None


Dungeon Overview and Level Annotations

Branches:
Dungeon (3/15)

Altars:
Ru


Innate Abilities, Weirdness & Mutations

You cannot wear armour.
You are incapable of wielding weapons or throwing items.
You have sharp claws.
You have razor-sharp teeth.
You have supernaturally acute eyesight.
You are carnivorous and can eat meat at any time.
You cover ground quickly.
You are covered in thick fur (AC +2).
You have a slow metabolism.
Your sharp claws are effective at attacking unaware monsters.
You have a pair of small horns on your head.
Your muscles are strong. (Str +2)


Message History

Aim: an adder (heavily wounded)
The magic dart hits the adder.
The adder is severely wounded.
The adder bites you.
You are poisoned.
The adder poisons you!
Casting: Magic Dart
Confirm with . or Enter, or press ? or * to list all spells.
Aiming: Magic Dart
Press: ? - help, Shift-Dir - straight line, f/p - adder
Aim: an adder (severely wounded)
The magic dart hits the adder.
The adder is almost dead.
You feel sick. The adder bites you.
* * * LOW HITPOINT WARNING * * *
You are more poisoned.
The adder poisons you!
* * * LOW HITPOINT WARNING * * *
You feel sick.
You die...

#.# #..#####.)###>..# #.#
##.........#..#.# #.###
##..........# ##
#...#####.........## ...
###....##(.......####..#
####..######(........# ..
##..#####..##.....##.
##........##.#...... #
###..^##@#....#... .
###.....##...#.##..# .
####...###..<..S..##..# .
###....########.....##..#####.
$
##...#####......)#...##........
g ...### #.......#.#...........
. #### #..................... .
#.............#....... .
#......##....##....... .


You could see an adder.

Vanquished Creatures
  2 oozes (D:1)
  3 dart slugs
  A giant gecko (D:3)
  An orc (D:3)
  A giant cockroach (D:1)
  3 goblins
  7 hobgoblins
  3 kobolds
  3 quokkas
  2 ball pythons
  6 bats
  4 rats
36 creatures vanquished.

Notes
Turn   | Place    | Note
--------------------------------------------------------------
     0 | D:1      | miau the Felid Wizard began the quest for the Orb.
     0 | D:1      | Reached XP level 1. HP: 7/7 MP: 5/5
    16 | D:1      | Noticed a merfolk zombie
    44 | D:1      | Gained mutation: Your muscles are strong. (Str +2) [potion of mutation]
    44 | D:1      | Gained mutation: You have a pair of small horns on your head. [potion of mutation]
    44 | D:1      | Gained mutation: You are covered in thick fur (AC +2). [potion of mutation]
   267 | D:1      | Reached XP level 2. HP: 12/12 MP: 0/7
   508 | D:1      | Reached skill level 1 in Fighting
   535 | D:1      | Reached skill level 1 in Conjurations
   890 | D:1      | Learned a level 2 spell: Blink
  1038 | D:1      | Reached XP level 3. HP: 15/15 MP: 3/9
  1165 | D:2      | Found a sacrificial altar of Ru.
  2352 | D:3      | Succumbed to an adder's poison

Vault maps used:
D:1:      shiori_arrival_whats_in_store_for_you
D:2:      lemuel_crystal_altar
D:3:      uniq_natasha

Skill      XL: |  1  2 |
---------------+-------+-----
Fighting       | 1 |  1.4
Conjurations   | 1 |  1.5
Dodging        | 3 |  3.0
Stealth        | |  2.9
Spellcasting   | |  3.6
Summonings     | |  1.0
Translocations | |  1.5

Action                   || total
-------------------------++-------
Melee: Unarmed           ||     2
 Cast: Magic Dart        ||   122
  Use: Potion            ||     3
       Scroll            ||     6
  Eat: Chunk             ||    10
